Map: Para Site LE

Players

PtitDrogo

  • Race: Protoss Protoss
  • Spawn Location: 5:00

TIME (Oliveira) - Winner!

  • Race: Terran Terran
  • Spawn Location: 11:00

Event: WCS Montreal 2018

VOD

Have the link to the VOD?

Description

Time

  • Played on: Sept. 7, 2018, 6:47 p.m.
  • Length: 13:58

All games in this series

Show
View Real Time Build Order
Export as new Build Order

PtitDrogo Protoss 

Build Orders: 1 Gate Expand, Chargelot Immortal 

Get SALT Encoding   

  12  0:00  Probe  
  13  0:13  Probe  
  14  0:22  Pylon  
  14  0:25  Probe  
  15  0:38  Probe  
  15  0:40  Gateway  
  16  0:46  Probe  
  16  0:51  Assimilator  
  16  0:54  Probe  
  18  1:06  Probe  
  19  1:24  Nexus  
  20  1:32  Cybernetics Core  
  19  1:35  Probe  
  19  1:38  Zealot  
  22  1:44  Assimilator  
  22  1:50  Probe  
  22  1:53  Pylon  
  23  2:03  Adept  
  23  2:11  Probe  
  23  2:13  Warp Gate  
  26  2:29  Robotics Facility  
  25  2:32  Probe  
  24  2:37  Probe  
  24  2:41  Stalker  
  27  2:45  Probe  
  27  2:50  Probe  
  29  3:00  Probe  
  29  3:04  Probe  
  30  3:08  Probe  
  30  3:11  Stalker  
  34  3:15  Probe  
  34  3:18  Probe  
  35  3:22  Immortal  
  36  3:33  Probe  
  41  3:38  Probe  
  42  3:45  Probe  
  41  3:50  Probe  
  42  3:56  Immortal  
  42  3:58  Probe  
  42  4:02  Probe  
  41  4:06  Pylon  
  44  4:10  Probe  
  44  4:14  Probe  
  46  4:19  Gateway  
  46  4:24  Probe  
  46  4:27  Shield Battery, Sentry  
  46  4:28  Probe  
  50  4:32  Warp Prism  
  50  4:35  Pylon  
  50  4:43  Shield Battery  
  50  4:45  Probe  
  53  4:47  Probe  
  54  4:55  Sentry  
  54  4:57  Probe  
  54  4:59  Probe  
  58  5:00  Gateway  
  58  5:03  Assimilator  
  58  5:04  Assimilator  
  58  5:08  Observer  
  58  5:09  Probe  
  58  5:11  Probe  
  60  5:31  Stalker  
  62  5:38  Observer  
  60  5:50  Probe x2  
  60  5:53  Shield Battery  
  62  6:04  Shield Battery  
  62  6:07  Pylon  
  62  6:11  Twilight Council  
  62  6:14  Forge  
  62  6:16  Nexus  
  62  6:17  Probe  
  62  6:19  Probe  
  62  6:25  Immortal  
  62  6:26  Charge  
  62  6:31  Probe  
  63  6:35  Protoss Ground Weapons Level 1  
  63  6:36  Probe  
  68  6:43  Probe  
  69  6:50  Gateway  
  69  6:52  Probe  
  69  6:53  Gateway  
  70  6:54  Gateway  
  70  6:57  Pylon  
  70  7:15  Gateway  
  70  7:18  Templar Archives, Gateway  
  70  7:24  Pylon  
  70  7:26  Pylon  
  70  7:35  Zealot x3  
  76  7:47  Zealot x2  
  79  7:51  Shield Battery  
  79  7:54  Shield Battery  
  79  7:56  High Templar x2  
  83  8:02  Zealot x2  
  87  8:06  Archon  
  87  8:12  Zealot x2  
  89  8:13  Zealot  
  89  8:14  Zealot  
  77  8:41  Pylon  
  77  8:42  Pylon  
  69  8:58  Pylon  
  69  8:59  Pylon  
  69  9:00  Zealot x4  
  69  9:01  Pylon, Zealot  
  75  9:05  Blink  
  75  9:09  Immortal  
  79  9:21  Gateway  
  79  9:23  Gateway  
  79  9:24  Gateway  
  79  9:31  Templar Archives  
  78  9:39  Zealot x2  
  78  9:40  Zealot x2  
  78  9:44  Zealot  
  88  10:07  High Templar x2, Nexus  
  88  10:08  High Templar x3  
  88  10:13  Archon  
  88  10:14  Archon  
  98  10:19  High Templar  
  98  10:20  High Templar  
  98  10:21  High Templar  
  104  10:22  Immortal  
  104  10:25  Archon  
  104  10:28  Archon  
  104  10:45  Zealot x5  
  88  11:05  Zealot x6  
  88  11:08  High Templar x2  
  102  11:21  Psionic Storm  
  90  11:32  Zealot x5  
  88  11:33  Archon  
  88  11:35  Probe  
  88  11:36  Probe  
  89  11:44  Observer  
  89  11:46  High Templar x2  
  92  11:47  High Templar  
  94  11:57  High Templar  
  94  11:58  High Templar  
  98  12:02  Immortal  
  98  12:03  Pylon, Probe x2  
  98  12:04  Probe  
  105  12:27  Cybernetics Core  
  105  12:29  Zealot x3  
  102  12:39  Zealot x2  
  100  12:47  High Templar x2  
  100  12:48  Zealot  
  102  12:55  Archon  
  102  12:57  Probe  
  92  13:03  High Templar  
  92  13:05  Probe  
  83  13:07  Probe  
  83  13:12  Stalker  
  72  13:13  Stalker  
  70  13:39  Archon  
  63  13:46  Stalker x2  
  63  13:47  Stalker  
  64  13:55  Zealot  
Show
View Real Time Build Order
Export as new Build Order

TIME Terran - Winner!

Build Orders: Cyclone Opening, MMM Bio 

Get SALT Encoding   

  12  0:00  SCV  
  13  0:13  SCV  
  14  0:18  Supply Depot  
  14  0:25  SCV  
  15  0:41  Barracks  
  15  0:44  Refinery  
  15  0:47  SCV  
  16  0:53  Refinery  
  16  0:59  SCV  
  17  1:11  SCV  
  18  1:28  Reaper, Orbital Command  
  19  1:42  Bunker  
  19  1:48  Factory  
  19  1:55  SCV  
  19  2:00  Marine  
  21  2:06  Supply Depot  
  22  2:08  SCV  
  22  2:18  Marine  
  23  2:28  SCV  
  24  2:35  Marine  
  25  2:39  Cyclone  
  25  2:43  Starport  
  27  2:45  SCV  
  28  2:52  Supply Depot  
  28  2:57  SCV  
  28  3:11  SCV  
  29  3:13  Cyclone  
  29  3:19  Starport Tech Lab  
  32  3:28  SCV  
  32  3:49  Cloaking Field  
  32  3:50  Banshee, Command Center  
  35  4:00  Cyclone  
  35  4:01  SCV  
  37  4:12  Barracks  
  37  4:21  SCV  
  38  4:32  Barracks Reactor  
  38  4:34  Supply Depot  
  38  4:38  Factory Tech Lab  
  38  4:40  SCV  
  39  4:55  Banshee  
  39  4:56  SCV  
  39  4:57  Siege Tank  
  46  5:00  Barracks Tech Lab  
  46  5:02  Barracks  
  46  5:04  Orbital Command  
  46  5:08  SCV  
  46  5:14  Engineering Bay  
  47  5:16  Marine  
  47  5:17  Marine  
  47  5:20  Marine  
  47  5:21  Stimpack  
  47  5:31  SCV  
  47  5:32  SCV  
  47  5:33  Bunker  
  47  5:34  Marine  
  50  5:39  Marine  
  50  5:41  Marine  
  52  5:43  Siege Tank  
  55  5:50  SCV  
  55  5:52  SCV, Marine  
  55  5:54  Terran Infantry Weapons Level 1  
  58  5:57  Starport Reactor  
  58  6:02  SCV  
  60  6:04  SCV  
  60  6:06  Combat Shields, Marine x2  
  62  6:14  Refinery  
  62  6:20  SCV x2, Marine  
  62  6:22  Marine  
  62  6:24  Marine  
  64  6:29  Marine  
  64  6:30  Factory Reactor  
  64  6:32  SCV x2  
  66  6:40  Marauder, Marine  
  66  6:41  Marine  
  66  6:44  SCV x2  
  70  6:47  Supply Depot  
  70  6:48  Supply Depot  
  70  7:01  Supply Depot  
  70  7:06  Marine x2  
  70  7:07  SCV  
  70  7:08  Marine  
  70  7:09  Medivac x2, Marauder, SCV  
  70  7:10  Widow Mine x2  
  82  7:19  SCV  
  82  7:22  Command Center  
  83  7:24  Marine x2  
  83  7:28  Supply Depot  
  87  7:30  Marauder  
  87  7:31  Concussive Shells  
  87  7:34  Widow Mine  
  89  7:37  Refinery  
  89  7:38  Widow Mine  
  91  7:48  Medivac  
  91  7:49  Medivac  
  91  7:51  Marauder, Marine x2  
  99  7:55  SCV  
  100  7:58  Supply Depot  
  100  7:59  Terran Infantry Armor Level 1  
  100  8:02  Marauder  
  99  8:09  SCV  
  95  8:15  Marine  
  95  8:16  Marauder  
  93  8:24  SCV  
  93  8:26  Marine  
  84  8:27  Marauder  
  84  8:28  SCV  
  84  8:33  Marine  
  82  8:37  SCV, Marine  
  80  8:44  Marine  
  80  8:48  Marine  
  72  8:49  Liberator  
  72  8:51  Marine  
  72  8:55  Marine  
  75  8:59  Widow Mine x2  
  75  9:00  SCV  
  75  9:01  SCV  
  75  9:02  Liberator, Marine  
  82  9:06  Marauder  
  82  9:08  SCV  
  82  9:09  Marine  
  89  9:12  SCV  
  89  9:13  SCV  
  91  9:21  Marauder  
  97  9:24  SCV  
  97  9:26  SCV, Orbital Command  
  97  9:30  Marine  
  97  9:31  Marine  
  100  9:35  Liberator, Widow Mine x2  
  104  9:38  SCV  
  104  9:41  Marauder  
  104  9:42  SCV, Marine  
  106  9:51  SCV  
  110  9:54  SCV x2  
  112  10:00  Supply Depot  
  112  10:03  SCV  
  112  10:05  Liberator  
  112  10:06  SCV  
  112  10:07  SCV  
  114  10:08  Marauder, Marine x2  
  114  10:09  Marauder  
  114  10:10  Widow Mine x2  
  124  10:15  SCV  
  124  10:21  Supply Depot  
  125  10:22  SCV  
  125  10:25  Marine, Supply Depot  
  125  10:26  Marine  
  125  10:28  SCV  
  132  10:29  SCV  
  132  10:32  Marine  
  132  10:37  Marauder  
  132  10:41  SCV  
  127  10:43  Marine  
  124  10:50  Marauder, Marine  
  124  10:52  Widow Mine  
  124  10:53  Widow Mine  
  104  10:59  Marauder  
  104  11:01  Marine  
  104  11:03  SCV x2  
  108  11:05  SCV  
  108  11:08  Marine  
  108  11:11  Marauder  
  108  11:14  Widow Mine x2  
  108  11:15  SCV  
  108  11:16  Liberator  
  108  11:17  SCV  
  113  11:19  Marine x2  
  113  11:21  Liberator  
  113  11:22  SCV  
  105  11:26  Marine  
  105  11:27  SCV  
  105  11:29  SCV  
  105  11:32  Marine  
  99  11:34  SCV  
  99  11:35  Widow Mine  
  99  11:37  Marine  
  99  11:39  SCV  
  110  11:40  Widow Mine  
  110  11:41  SCV  
  110  11:43  Marine x2  
  115  11:48  SCV  
  115  11:51  SCV  
  117  11:56  Marauder, Marine  
  117  11:57  Barracks  
  117  11:59  Barracks  
  120  12:02  Widow Mine  
  120  12:03  Widow Mine, Marine  
  120  12:04  Marauder  
  120  12:06  SCV  
  120  12:07  SCV  
  120  12:08  SCV  
  130  12:14  Marine  
  128  12:17  Marine  
  127  12:24  Medivac x2, SCV x2  
  127  12:25  Ghost Academy  
  127  12:29  Marine  
  136  12:30  Marauder, SCV  
  136  12:31  Marine  
  136  12:35  Marine  
  136  12:36  SCV  
  138  12:38  Widow Mine  
  132  12:45  Marine  
  132  12:47  Marine  
  132  12:49  Marine  
  132  12:51  Marauder, SCV  
  138  12:52  Marine  
  138  12:53  Marine  
  138  12:57  Widow Mine  
  134  13:01  SCV  
  134  13:03  Marauder  
  134  13:05  Marine  
  128  13:07  Marine  
  128  13:11  Marauder  
  128  13:12  Marine  
  121  13:16  Medivac  
  121  13:17  Medivac  
  121  13:19  Barracks Reactor  
  124  13:21  SCV, Widow Mine x2  
  124  13:22  SCV, Marine  
  124  13:24  Marauder  
  124  13:25  Supply Depot  
  133  13:31  SCV  
  133  13:34  SCV  
  127  13:40  Marine  
Tags
 
Add a new tag
Caveats
  • Supply blocks, unpowered buildings, or Contaminate may cause inaccurate times.
  • Supply counts are checked every 10 seconds.